Map: Eternal Empire LE

Players

MindelVK

  • Race: Protoss Protoss
  • League: Grandmaster
  • Spawn Location: 7:00

ToIsengard - Winner!

  • Race: Protoss Protoss
  • League: Grandmaster
  • Spawn Location: 1:00

VOD

Have the link to the VOD?

Description

Time

  • Played on: Sept. 15, 2020, 8:05 a.m.
  • Length: 5:44
Show
View Real Time Build Order
Export as new Build Order

MindelVK Protoss 

Build Orders: Phoenix Opening 

Get SALT Encoding   

  12  0:00  Probe  
  13  0:12  Probe  
  14  0:17  Pylon  
  14  0:24  Probe (Chrono Boost)  
  16  0:37  Probe (Chrono Boost)  
  16  0:38  Gateway  
  16  0:42  Probe (Chrono Boost)  
  16  0:46  Assimilator  
  17  0:51  Probe  
  17  0:55  Assimilator  
  18  1:03  Probe (Chrono Boost)  
  19  1:07  Gateway  
  19  1:13  Probe (Chrono Boost)  
  19  1:18  Probe (Chrono Boost)  
  21  1:25  Cybernetics Core  
  21  1:29  Probe  
  22  1:35  Pylon  
  22  1:41  Probe  
  23  1:54  Probe  
  24  2:03  Sentry, Stalker, Warp Gate  
  24  2:08  Pylon  
  28  2:12  Probe  
  29  2:25  Probe  
  30  2:32  Stalker  
  30  2:33  Stalker  
  34  2:46  Phoenix  
  34  2:50  Shield Battery  
  34  2:56  Stargate  
  34  2:59  Shield Battery  
  33  3:09  Nexus  
  33  3:16  Stalker  
  35  3:32  Shield Battery  
  35  3:37  Twilight Council  
  35  3:51  Shield Battery  
  35  3:53  Stalker x2  
  37  4:15  Gateway  
  37  4:18  Stalker  
  39  4:28  Shield Battery  
  39  4:33  Stalker  
  40  4:56  Stalker x2  
  44  5:01  Gateway  
  36  5:23  Stalker  
Show
View Real Time Build Order
Export as new Build Order

ToIsengard Protoss - Winner!

Build Orders: Proxy Void Ray 

Get SALT Encoding   

  12  0:00  Probe  
  13  0:12  Probe  
  14  0:18  Pylon  
  14  0:24  Probe  
  15  0:36  Gateway  
  15  0:37  Probe (Chrono Boost)  
  16  0:47  Assimilator, Probe (Chrono Boost)  
  17  0:52  Probe (Chrono Boost)  
  17  0:55  Assimilator  
  18  1:04  Probe (Chrono Boost)  
  19  1:08  Gateway  
  19  1:13  Probe (Chrono Boost)  
  19  1:18  Probe  
  20  1:24  Cybernetics Core  
  21  1:30  Probe  
  22  1:37  Pylon  
  22  1:42  Probe  
  23  2:00  Stargate  
  24  2:02  Adept  
  24  2:04  Adept  
  27  2:09  Warp Gate  
  27  2:12  Pylon  
  27  2:26  Pylon  
  27  2:32  Adept  
  27  2:34  Adept  
  31  2:37  Void Ray (Chrono Boost)  
  35  2:59  Pylon  
  35  3:07  Void Ray (Chrono Boost)  
  35  3:11  Pylon  
  35  3:19  Pylon  
  39  3:32  Shield Battery  
  39  3:33  Shield Battery  
  39  3:40  Void Ray  
  43  4:00  Gateway  
  43  4:07  Adept x2  
  47  4:15  Shield Battery  
  47  4:17  Void Ray (Chrono Boost), Shield Battery  
  51  4:42  Adept x2  
  55  4:49  Void Ray  
  51  5:10  Adept x2  
  51  5:22  Adept  
  51  5:36  Adept x2  
Tags
 
Add a new tag
Caveats
  • Supply blocks, unpowered buildings, or Contaminate may cause inaccurate times.
  • Supply counts are checked every 10 seconds.